 Dungeon Crawl Stone Soup version 0.30.1 (webtiles) character file.

Game seed: 897318577380944975

439 Pepete the Covered (level 7, 0/45 HPs)
             Began as a Djinni Fire Elementalist on July 9, 2023.
             Slain by an orc priest
             ... wielding a +0 mace
              (6 damage)
             ... on level 4 of the Dungeon.
             The game lasted 00:04:06 (5555 turns).

Pepete the Covered (Djinni Fire Elementalist)       Turns: 5555, Time: 00:04:06

Health: 0/45       AC:  2    Str:  6 (7)  XL:     7   Next: 22%
Gold:   158        EV: 12    Int: 18 (19) God:
                   SH:  0    Dex: 18 (19)

rFire   + + .        (no weapon)
rCold   x . .        (no shield)
rNeg    . . .        a - +0 robe
rPois   ∞            (no helmet)
rElec   .            (no cloak)
rCorr   .            (no gloves)
SInv    .            (boots unavailable)
Will    .....        (no amulet)
Stlth   ++           j - +6 ring of dexterity
HPRegen 0.27/turn    (no ring)
MPRegen 0.00/turn

%: infuse magic (-1 HP)
@: flying, invisible
A: sickness immunity, fire resistance 2, cold vulnerability 1, float, innate
caster, HP casting, extra vitality 1
a: no special abilities


You were on level 4 of the Dungeon.
You visited 1 branch of the dungeon, and saw 4 of its levels.

You collected 158 gold pieces.

Inventory:

Armour
 a - a +0 robe (worn)
Jewellery
 j - a +6 ring of dexterity (left hand)
Scrolls
 f - a scroll of torment
 h - 2 scrolls of teleportation
 i - 2 scrolls of amnesia
 k - a scroll of fog
 m - a scroll of poison {unknown}
 n - 2 scrolls of immolation {unknown}
 p - a scroll of identify
Potions
 b - 2 potions of haste
 c - a potion of berserk rage {unknown}
 d - a potion of magic {unknown}
 g - a potion of degeneration
 l - a potion of brilliance {unknown}
 o - a potion of attraction {unknown}


   Skills:
 * Level 4.7 Armour
 - Level 2.1 Dodging
 - Level 1.5 Stealth
 * Level 4.5 Spellcasting


You knew the following spells:

 Your Spells              Type           Power      Damage    Failure   Level
a - Foxfire               Conj/Fire      80%        2x1d8     2%          1
b - Scorch                Fire           40%        2d7       3%          2
c - Volatile Blastmotes   Fire/Tloc      40%        2d13      7%          3
d - Inner Flame           Hex/Fire       20%        N/A       7%          3
e - Flame Wave            Conj/Fire      20%        2d7       22%         4
f - Shock                 Conj/Air       80%        1d8       2%          1
g - Call Imp              Summ           40%        N/A       3%          2
h - Tukima's Dance        Hex            20%        N/A       7%          3
Your spell library was empty.

Dungeon Overview and Level Annotations

Branches:
Dungeon (4/15)
 Temple: D:4-7

Altars:

Shops:
D:1 *


Innate Abilities, Weirdness & Mutations

You are immune to sickness and miasma.
You are immune to poison.
Your flesh is very heat resistant. (rF++)
You are vulnerable to cold. (rC-)
You float through the air rather than walking.
You learn spells naturally, not from books.
Your magical power is your life essence.
You have superior vitality. (+4 MHP)


Message History

The orc wizard is severely wounded.
The orc wizard casts a spell at you.
You are confused.
The orc priest calls upon Beogh to heal the orc wizard.
The orc wizard is healed somewhat.
You're too confused to cast spells.
You bump into the rock wall.
The orc priest is no longer more vulnerable to fire.
An orc priest comes into view. It is wielding a +0 short sword.
The orc wizard barely misses you.
Unknown command.
You're too confused to cast spells.
You barely miss the orc wizard.
The orc wizard is heavily wounded.
Unknown command.
You're too confused to cast spells.
An orc comes into view. It is wielding a +0 short sword.
The orc shouts!
The orc wizard is no longer more vulnerable to fire.
The foxfire hits the orc wizard.
The orc wizard is severely wounded.
The orc priest hits you with a +0 mace!
The orc wizard gestures at you while chanting.
You easily resist.
You see here a potion of invisibility.
You closely miss the orc priest.
The orc priest is moderately wounded.
The orc priest hits you with a +0 mace!
* * * LOW HITPOINT WARNING * * *
The orc wizard hits you with a +0 dagger.
* * * LOW HITPOINT WARNING * * *
You're too confused to move!
The orc priest misses you. The orc wizard casts a spell at you.
The puff of flame hits you. You resist.
* * * LOW HITPOINT WARNING * * *
You feel less confused.
The orc wizard hits you but does no damage.
You fade into invisibility!
The orc priest hits you with a +0 mace.
You die...

#.#####
#########.#
#.#
##########.#
#.#
#........#.#
#.#
#.######.#.#
#.# #.#.#
#.# #.#.#
#.# #.#.#
#.# #...#
#.###@#
#####


#ooooo# ####### You could see 2 orc priests, an orc wizard (unable to see you)
and 2 orcs.

Vanquished Creatures
  A scorpion (D:4)
  Jessica (D:2)
  2 iguanas (D:4)
  Natasha (thrice) (D:2)
  7 gnolls
  7 adders
  2 worms
  2 dart slugs
  2 orcs
  7 bats
  8 endoplasms
  2 giant cockroaches
  5 hobgoblins
  10 jackals
  6 quokkas
  8 ball pythons
  2 frilled lizards
  6 goblins
  7 kobolds
  8 rats
96 creatures vanquished.

Vanquished Creatures (others)
  436 foxfires
436 creatures vanquished.

Grand Total: 532 creatures vanquished

Notes
Turn   | Place    | Note
-------+----------+-------------------------------------------
     0 | D:1      | Pepete the Djinni Fire Elementalist began the quest for the
                  | Orb.
     0 | D:1      | Pepete set off with the following spells memorised:
                  | Foxfire, Scorch, Volatile Blastmotes, Inner Flame, Flame
                  | Wave.
     0 | D:1      | Reached XP level 1. HP: 15/15 MP: 0/0
   232 | D:1      | Reached skill level 1 in Armour
   232 | D:1      | Reached XP level 2. HP: 11/21 MP: 0/0
   603 | D:1      | Found Koiroerr's Assorted Antiques.
   883 | D:1      | Reached XP level 3. HP: 13/25 MP: 0/0
   883 | D:1      | Learned a level 1 spell: Shock
  2017 | D:2      | Noticed Natasha
  2024 | D:2      | Killed Natasha
  2025 | D:2      | Reached XP level 4. HP: 27/31 MP: 0/0
  2094 | D:2      | Noticed Natasha
  2101 | D:2      | Killed Natasha
  2132 | D:2      | Noticed Jessica
  2137 | D:2      | Reached XP level 5. HP: 25/35 MP: 0/0
  2137 | D:2      | Learned a level 2 spell: Call Imp
  2144 | D:2      | Killed Jessica
  2261 | D:2      | Noticed Natasha
  2267 | D:2      | Killed Natasha
  3382 | D:3      | Reached XP level 6. HP: 34/40 MP: 0/0
  3419 | D:3      | Found a faded altar of an unknown god.
  4891 | D:4      | Reached XP level 7. HP: 19/45 MP: 0/0
  4891 | D:4      | Learned a level 3 spell: Tukima's Dance
  5555 | D:4      | Slain by an orc priest

Illustrated notes

Levels and vault maps discovered:
D:1:      matt_arrival_grand_opening, layout_loops_ring, serial_shops,
          nicolae_diamond_shop
D:2:      layout_loops_ring, uniq_natasha, uniq_jessica
D:3:      layout_basic, hellmonk_ecumenical_altar_prayer_group
D:4:      layout_loops_ring

Skill      XL: |  1  2  3  4  5  6 |
---------------+-------------------+-----
Armour         | 1 2 3 4 |  4.7
Spellcasting   | 3 4 |  4.5
Dodging        | |  2.1
Stealth        | |  1.5

Action                     |  1- 3 |  4- 6 |  7- 9 || total
---------------------------+-------+-------+-------++-------
  Melee: Unarmed           |       |       |     2 ||     2
   Cast: Foxfire           |   144 |   141 |    12 ||   297
         Scorch            |       |    39 |     5 ||    44
    Use: Potion            |       |     5 |     1 ||     6
         Scroll            |       |     4 |       ||     4
 Armour: Robe              |     9 |     5 |     1 ||    15
  Dodge: Dodged            |    40 |    31 |     3 ||    74
